 Dungeon Crawl Stone Soup version 0.23.1 (webtiles) character file.

Game seed: 11450297493732915607

5527 Qwackers the Cleaver (level 11, -18/72 HPs)
             Began as a Formicid Fighter on Mar 3, 2019.
             Was an Elder of Okawaru.
             Killed from afar by Josephine (27 damage)
             ... with a ghostly fireball
             ... on level 10 of the Dungeon.
             The game lasted 00:19:02 (9810 turns).

Qwackers the Cleaver (Formicid Fighter)             Turns: 9810, Time: 00:19:03

Health: -18/72     AC: 20    Str: 23    XL:     11   Next: 1%
Magic:  8/9        EV:  9    Int:  9    God:    Okawaru [****..]
Gold:   444        SH: 11    Dex: 10    Spells: 10/10 levels left

rFire    . . .     SeeInvis +   a - +0 war axe
rCold    . . .     Gourm    .   c - +0 shield
rNeg     . . .     Faith    .   e - +2 chain mail {rPois}
rPois    +         Spirit   .   (helmet unavailable)
rElec    .         Reflect  .   u - +2 cloak
rCorr    .         Harm     .   t - +1 pair of gloves
MR       +....                  (no boots)
Stlth    ..........             (no amulet)
HPRegen  0.22/turn              k - ring of poison resistance
MPRegen  0.11/turn              w - ring of flight

@: heroism, heavily drained
A: permanent stasis, dig shafts and tunnels, four strong arms, antennae 3, claws
1, icy blue scales 1, frail 1, low mp 1, sense surroundings 1
a: Dig, Shaft Self, Heroism, Renounce Religion, Evoke Flight


You were on level 10 of the Dungeon.
You worshipped Okawaru.
Okawaru was greatly pleased with you.
You were not hungry.

You visited 1 branch of the dungeon, and saw 12 of its levels.

You collected 444 gold pieces.

Inventory:

Hand Weapons
 a - a +0 war axe (weapon)
Missiles
 v - 12 tomahawks (quivered)
Armour
 c - a +0 shield (worn)
 e - a +2 chain mail of poison resistance (worn)
 r - a +0 large shield
 t - a +1 pair of gloves (worn)
 u - a +2 cloak (worn)
 y - a +0 chain mail
Jewellery
 i - an uncursed ring of teleportation
 k - a ring of poison resistance (left hand)
 w - a ring of flight (right hand)
Wands
 x - a wand of disintegration (11)
Scrolls
 l - a scroll of amnesia {unknown}
 n - 2 scrolls of fog
 p - 8 scrolls of remove curse
 q - 2 scrolls of enchant weapon {unknown}
 s - 3 scrolls of noise
Potions
 d - 2 potions of flight
 g - a potion of lignification
 h - a potion of heal wounds {unknown}
 j - a potion of curing
 m - 2 potions of haste {unknown}
 o - a potion of agility {unknown}
Comestibles
 b - 6 chunks of flesh
 f - 12 rations


   Skills:
 + Level 5.6(8.0) Fighting
 + Level 13.3(15.3) Axes
 + Level 6.1(8.4) Armour
 + Level 6.1(8.5) Shields


You had 10 spell levels left.
You didn't know any spells.
Your spell library contained the following spells:

 Spells                   Type           Power        Failure   Level  Hunger
 Animate Skeleton         Necr           N/A          95%         1    ##.....
 Pain                     Necr           #...         95%         1    ##.....
 Regeneration             Chrm/Necr      #.........   100%        3    ####...
 Vampiric Draining        Necr           #.........   100%        3    ####...
 Animate Dead             Necr           N/A          100%        4    #####..


Dungeon Overview and Level Annotations

Branches:
Dungeon (12/15)            Temple (0/1) D:5            Lair (0/6) D:8
    Orc (0/2) D:10

Altars:
Ashenzari
Elyvilon
Okawaru
Trog

Shops:
D:12 *(

Annotations:
D:2 exclusion: downstairs
D:3 Sigmund
D:7 1 runed translucent door, Lanoc's ghost, novice HaWr
D:10 Josephine


Innate Abilities, Weirdness & Mutations

You cannot be hasted, slowed, berserked, paralysed or teleported.
You can dig through walls and to a lower floor.
Your four strong arms can wield two-handed weapons with a shield.
You have a pair of large antennae on your head. (SInv)
You have sharp fingernails.
You are partially covered in icy blue scales. (AC +2)
You are frail. (-10% HP)
Your magical capacity is low. (-10% MP)
You passively map a small area around you.


Message History

You feel drained.
The ghostly fireball engulfs Josephine.
Josephine completely resists.
You slash Josephine!
Josephine is heavily wounded.
Josephine points at you and mumbles some strange words.
The ghostly flame explodes!
The ghostly fireball engulfs you!!
You feel drained.
* * * LOW HITPOINT WARNING * * *
The ghostly fireball engulfs Josephine.
Josephine completely resists.
You slash Josephine!
Josephine is heavily wounded.
You closely miss Josephine.
Josephine is heavily wounded.
Josephine hits you but does no damage.
You slash Josephine!
Josephine is severely wounded.
Josephine gestures at you while chanting.
The ghostly flame explodes!
The ghostly fireball engulfs you!!
You feel drained.
You die...

* *
#..........#
, {
#...........
,#...........
> *
#...........
#...........
,
#...........
* , ≈
#...@......#
{* #...@...#*
* ##..#####
##...##
######
##...###....#
###.....####
##..####
#..## ##.##
##..#


You could see Josephine.

Vanquished Creatures
  A two-headed ogre (D:11)
  Nergalle (D:11)
  A deep elf mage (D:12)
  A hippogriff (D:7)
  3 wraiths
  A steam dragon (D:8)
  Menkaure (D:4)
  A sky beast (D:6)
  3 orc warriors
  2 black bears
  An ice beast (D:6)
  2 phantoms
  An ogre (D:8)
  A centaur (D:8)
  A crocodile (D:12)
  A big kobold (D:7)
  2 bullfrogs
  A scorpion (D:12)
  4 wights (D:6)
  7 howler monkeys
  3 crimson imps
  4 hounds
  A centaur zombie (D:12)
  2 jellies
  3 bullfrog skeletons
  2 centaur skeletons
  5 orc wizards
  2 orc priests
  Jessica (D:3)
  2 iguanas
  Natasha (twice) (D:3)
  6 worker ants
  A killer bee zombie (D:8)
  2 worker ant zombies (D:5)
  11 adders
  10 gnolls
  A shadow imp (D:6)
  An ooze (D:3)
  2 adder zombies
  2 adder skeletons
  A worm (D:5)
  5 dart slugs
  6 leopard geckos
  34 orcs
  4 giant cockroaches
  9 goblins
  8 hobgoblins
  14 kobolds
  8 quokkas
  2 ball pythons
  5 bats
  3 frilled lizards
  A quokka skeleton (D:5)
  4 rats
203 creatures vanquished.

Vanquished Creatures (others)
  A kobold (D:12)
1 creature vanquished.

Grand Total: 204 creatures vanquished

Notes
Turn   | Place    | Note
-------+----------+-------------------------------------------
     0 | D:1      | Qwackers the Formicid Fighter began the quest for the Orb.
     0 | D:1      | Reached XP level 1. HP: 18/18 MP: 1/1
   368 | D:1      | Reached XP level 2. HP: 11/24 MP: 2/2
   830 | D:1      | Reached XP level 3. HP: 29/29 MP: 3/3
  1030 | D:1      | Reached skill level 3 in Axes
  1666 | D:2      | Reached XP level 4. HP: 26/35 MP: 4/4
  2275 | D:3      | Reached skill level 4 in Axes
  2476 | D:3      | Reached XP level 5. HP: 27/41 MP: 5/5
  2717 | D:3      | Noticed Natasha
  2729 | D:3      | Killed Natasha
  2729 | D:3      | Reached skill level 5 in Axes
  3083 | D:3      | HP: 2/41 [orc priest/nerve-wracking pain (13)]
  3087 | D:3      | Reached XP level 6. HP: 15/47 MP: 6/6
  3352 | D:3      | Noticed Natasha
  3378 | D:3      | Found an iron altar of Okawaru.
  3433 | D:3      | Noticed Sigmund
  3558 | D:3      | Noticed Jessica
  3566 | D:3      | Killed Jessica
  3736 | D:4      | Reached skill level 6 in Axes
  3756 | D:4      | Noticed a black bear
  3767 | D:4      | Killed a black bear
  3771 | D:4      | Reached XP level 7. HP: 41/52 MP: 7/7
  4033 | D:4      | Reached skill level 7 in Axes
  4123 | D:4      | Noticed Menkaure
  4129 | D:4      | Killed Menkaure
  4366 | D:5      | Entered Level 5 of the Dungeon
  4779 | D:5      | Reached skill level 8 in Axes
  5002 | D:5      | Reached XP level 8. HP: 46/58 MP: 8/8
  5414 | D:5      | Found a staircase to the Ecumenical Temple.
  5475 | D:5      | Found a shattered altar of Ashenzari.
  5475 | D:5      | Found a bloodstained altar of Trog.
  5475 | D:5      | Found a white marble altar of Elyvilon.
  5513 | D:5      | Reached skill level 9 in Axes
  5607 | D:3      | Killed Natasha
  5622 | D:3      | Became a worshipper of Warmaster Okawaru
  6198 | D:6      | Reached skill level 10 in Axes
  6599 | D:6      | Reached * piety under Okawaru
  6599 | D:6      | Reached XP level 9. HP: 49/64 MP: 9/9
  6858 | D:6      | Reached skill level 11 in Axes
  7557 | D:7      | Found a runed translucent door.
  7576 | D:7      | Noticed an ogre mage
  7577 | D:7      | Noticed Lanoc's ghost (novice HaWr)
  7777 | D:7      | Noticed a hippogriff
  7798 | D:7      | Killed a hippogriff
  7798 | D:7      | Reached ** piety under Okawaru
  7815 | D:7      | Reached skill level 12 in Axes
  8204 | D:8      | Reached XP level 10. HP: 60/71 MP: 10/10
  8427 | D:8      | Noticed a death yak
  8430 | D:8      | Noticed a death yak
  8431 | D:8      | Found a staircase to the Lair.
  8431 | D:8      | Noticed a death yak
  8443 | D:8      | You fall through a shaft!
  8443 | D:9      | Noticed a two-headed ogre
  8446 | D:9      | You fall through a shaft for 3 floors!
  8446 | D:12     | Noticed a deep elf mage
  8462 | D:12     | Killed a deep elf mage
  8462 | D:12     | Reached *** piety under Okawaru
  8462 | D:12     | Reached skill level 5 in Armour
  8462 | D:12     | Reached skill level 5 in Shields
  8744 | D:12     | Found Vumpa's Assorted Antiques.
  8755 | D:12     | Gained mutation: Armour fits poorly on your strangely
                  | shaped body. [potion of mutation]
  8755 | D:12     | Gained mutation: Your spells are a little harder to cast,
                  | but a little more powerful. [potion of mutation]
  8755 | D:12     | Gained mutation: You are partially covered in icy blue
                  | scales. (AC +2) [potion of mutation]
  8755 | D:12     | Gained mutation: You are resistant to hostile enchantments.
                  | (MR+) [potion of mutation]
  8756 | D:12     | Lost mutation: Armour fits poorly on your strangely shaped
                  | body. [potion of mutation]
  8756 | D:12     | Lost mutation: You are resistant to hostile enchantments.
                  | (MR+) [potion of mutation]
  8756 | D:12     | Lost mutation: Your spells are a little harder to cast, but
                  | a little more powerful. [potion of mutation]
  8756 | D:12     | Gained mutation: You are frail. (-10% HP) [potion of
                  | mutation]
  8756 | D:12     | Gained mutation: Your magical capacity is low. (-10% MP)
                  | [potion of mutation]
  8756 | D:12     | Gained mutation: You have sharp fingernails. [potion of
                  | mutation]
  8756 | D:12     | Gained mutation: You passively map a small area around you.
                  | [potion of mutation]
  8822 | D:12     | Found Vauqiog's Antique Weapon Shop.
  9162 | D:11     | Noticed Nergalle
  9188 | D:11     | Killed Nergalle
  9188 | D:11     | Reached skill level 5 in Fighting
  9188 | D:11     | Reached skill level 13 in Axes
  9379 | D:11     | Noticed a two-headed ogre
  9386 | D:11     | Killed a two-headed ogre
  9386 | D:11     | Reached **** piety under Okawaru
  9564 | D:11     | Noticed a two-headed ogre
  9567 | D:10     | Entered Level 10 of the Dungeon
  9788 | D:10     | Reached XP level 11. HP: 59/72 MP: 9/9
  9798 | D:10     | Noticed Josephine
  9810 | D:10     | Killed from afar by Josephine

Skill      XL: |  1  2  3  4  5  6  7  8  9 10 |
---------------+-------------------------------+-----
Axes           | 3 4 5 6 8 10 12 13 | 13.3
Shields        | 4 6 |  6.1
Fighting       | 4 5 |  5.6
Armour         | 4 6 |  6.1

Action                   |  1- 3 |  4- 6 |  7- 9 | 10-12 || total
-------------------------+-------+-------+-------+-------++-------
Melee: War axe           |   113 |   128 |   441 |   181 ||   863
Invok: Heroism           |       |       |       |     3 ||     3
 Abil: Shaft Self        |       |       |       |     2 ||     2
  Use: Potion            |       |     2 |     1 |     4 ||     7
       Scroll            |       |       |     9 |     3 ||    12
  Eat: Chunk             |     2 |     7 |    15 |     6 ||    30
Armor: Scale mail        |    61 |    36 |    94 |       ||   191
       Chain mail        |       |       |    91 |    51 ||   142
Dodge: Dodged            |    44 |    47 |    98 |    43 ||   232
Block: Shield            |    66 |    67 |   188 |    71 ||   392
